 Dungeon Crawl Stone Soup version 0.30-a0-154-gb106f4c828 (webtiles) character file.

Game seed: 11591739872522358972

1163 Decritt the Ducker (level 8, -1/61 HPs)
             Began as a Djinni Conjurer on Sept 27, 2022.
             Slain by Duvessa
             ... wielding a +0 short sword
              (3 damage)
             ... on level 6 of the Dungeon.
             The game lasted 00:14:27 (9436 turns).

Decritt the Ducker (Djinni Conjurer)                Turns: 9436, Time: 00:14:27

Health: -1/61      AC:  4    Str:  6    XL:     8   Next: 67%
Gold:   259        EV: 13    Int: 23    God:
                   SH:  0    Dex: 11

rFire   + + .      SeeInvis .    i - +5 flail
rCold   x . .      Faith    .    (no shield)
rNeg    . . .      Spirit   .    l - +1 leather armour
rPois   ∞          Reflect  .    (no helmet)
rElec   .          Harm     .    (no cloak)
rCorr   .          Rampage  .    (no gloves)
Will    .....                    (boots unavailable)
Stlth   +.........               (no amulet)
HPRegen 0.20/turn                (no ring)
MPRegen 0.00/turn                (no ring)

@: lit by a corona, about to teleport, flying, hasted, glowing, very quick
A: sickness immunity, fire resistance 2, cold vulnerability 1, float, innate
caster, HP casting, extra vitality 1
a: no special abilities


You were on level 6 of the Dungeon.
You visited 1 branch of the dungeon, and saw 6 of its levels.

You collected 259 gold pieces.

Inventory:

Hand Weapons
 i - a +5 flail (weapon)
Armour
 a - a +0 robe
 l - a +1 leather armour (worn)
Wands
 k - a wand of mindburst (12)
Scrolls
 c - 5 scrolls of fear
 d - a scroll of poison {unknown}
 e - a scroll of enchant weapon
 g - a scroll of butterflies
 j - 3 scrolls of teleportation
 n - 2 scrolls of blinking
Potions
 b - a potion of invisibility {unknown}
 f - a potion of haste
 h - a potion of might
 m - 2 potions of resistance
 o - a potion of cancellation {unknown}
 p - a potion of ambrosia {unknown}
 q - a potion of heal wounds {unknown}


   Skills:
 * Level 5.9 Fighting
 + Level 5.0 Armour
 + Level 6.1 Dodging
 - Level 1.5 Stealth
 - Level 3.2 Spellcasting
 + Level 1.4 Evocations


You couldn't memorise any spells.
You knew the following spells:

 Your Spells              Type           Power      Damage    Failure   Level
a - Magic Dart            Conj           72%        1d6       4%          1
b - Searing Ray           Conj           36%        2d5       6%          2
c - Dazzling Flash        Conj/Hex       36%        N/A       13%         3
d - Fulminant Prism       Conj/Hex       9%         3d7       38%         4
e - Iskenderun's Mystic   Conj/Tloc      18%        2d6       38%         4
f - Apportation           Tloc           36%        N/A       4%          1
g - Static Discharge      Conj/Air       36%        2-4/arc   6%          2
h - Scorch                Fire           36%        2d6       6%          2
Your spell library was empty.

Dungeon Overview and Level Annotations

Branches:
Dungeon (6/15)
 Temple: D:4-7

Altars:

Annotations:
D:4 3 runed translucent doors, flestrin's ghost, amateur DrTm; onwiheg's ghost, amateur FoFi
D:6 Dowan; Duvessa


Innate Abilities, Weirdness & Mutations

You are immune to sickness and miasma.
You are immune to poison.
Your flesh is very heat resistant. (rF++)
You are vulnerable to cold. (rC-)
You float through the air rather than walking.
You learn spells naturally, not from books.
Your magical power is your life essence.
You have superior vitality. (+4 MHP)


Message History

Duvessa barely misses you.
Dowan mumbles some strange words.
Dowan blinks!
The searing ray hits Duvessa.
Duvessa is moderately wounded.
* * * LOW HITPOINT WARNING * * *
You finish channelling your searing ray.
Duvessa hits you but does no damage. Duvessa closely misses you.
Casting: Searing Ray (safe; 6% risk of failure)
Confirm with . or Enter, or press ? or * to list all spells.
Aiming: Magic Dart (safe; 4% risk of failure)
Press: ? - help, Shift-Dir - straight line, f/p - Duvessa
Aim: Duvessa, wielding a +0 short sword and wearing a +2 ring mail of cold resistance (moderately wounded, fast, 100% to hit)
The magic dart hits Duvessa.
Duvessa is heavily wounded.
* * * LOW HITPOINT WARNING * * *
Duvessa hits you with a +0 short sword!
* * * LOW HITPOINT WARNING * * *
Casting: Magic Dart (safe; 4% risk of failure)
Confirm with . or Enter, or press ? or * to list all spells.
Aiming: Magic Dart (safe; 4% risk of failure)
Press: ? - help, Shift-Dir - straight line, f/p - Duvessa
Aim: Duvessa, wielding a +0 short sword and wearing a +2 ring mail of cold resistance (heavily wounded, fast, 100% to hit)
The magic dart hits Duvessa but does no damage.
Duvessa is heavily wounded.
* * * LOW HITPOINT WARNING * * *
Duvessa hits you with a +0 short sword.
* * * LOW HITPOINT WARNING * * *
Duvessa hits you with a +0 short sword.
* * * LOW HITPOINT WARNING * * *
Okay, then.
As you read the scroll of teleportation, it crumbles to dust.
You feel strangely unstable. Duvessa hits you with a +0 short sword!
* * * LOW HITPOINT WARNING * * *
You feel yourself speed up. Duvessa hits you with a +0 short sword.
* * * LOW HITPOINT WARNING * * *
Duvessa hits you with a +0 short sword.
* * * LOW HITPOINT WARNING * * *
Duvessa attacks as you move away! Duvessa hits you with a +0 short sword.
You die...

#.# . #.# ..
#.# ... #.#
.e.. #.# .....
#.#
.....e######.#
..........e@>#
......######.#
##### #.# #.#
#.# ##.#
########..#
..........# #
######...#


You could see Duvessa (fast) and Dowan.

Vanquished Creatures
  Prince Ribbit (D:5)
  A sky beast (D:6)
  A black bear (D:4)
  2 ogres
  A gnoll sergeant (D:4)
  2 scorpions (D:5)
  A jelly (D:5)
  2 hounds
  An orc priest (D:5)
  2 iguanas (D:4)
  An orc wizard (D:5)
  6 gnolls
  4 adders
  A white imp (D:6)
  4 ufetubi (D:5)
  4 worms
  5 dart slugs
  7 orcs
  4 bats
  9 endoplasms
  8 giant cockroaches
  4 goblins
  7 hobgoblins
  7 jackals
  6 quokkas
  11 ball pythons
  3 frilled lizards (D:3)
  3 kobolds
  4 rats
112 creatures vanquished.

Vanquished Creatures (others)
  31 plants (D:4)
  4 toadstools (D:1)
  6 withered plants (D:4)
41 creatures vanquished.

Grand Total: 153 creatures vanquished

Notes
Turn   | Place    | Note
-------+----------+-------------------------------------------
     0 | D:1      | Decritt the Djinni Conjurer began the quest for the Orb.
     0 | D:1      | Decritt set off with the following spells memorised: Magic
                  | Dart, Searing Ray, Dazzling Flash, Fulminant Prism,
                  | Iskenderun's Mystic Blast.
     0 | D:1      | Reached XP level 1. HP: 15/15 MP: 0/0
   376 | D:1      | Reached skill level 1 in Fighting
   428 | D:1      | Reached XP level 2. HP: 15/22 MP: 0/0
  1026 | D:1      | Reached XP level 3. HP: 24/28 MP: 0/0
  1026 | D:1      | Learned a level 1 spell: Apportation
  1782 | D:2      | Reached skill level 1 in Armour
  2894 | D:2      | Reached XP level 4. HP: 32/33 MP: 0/0
  3122 | D:2      | Reached skill level 3 in Dodging
  3686 | D:2      | Found a faded altar of an unknown god.
  4041 | D:3      | Reached XP level 5. HP: 35/40 MP: 0/0
  4041 | D:3      | Learned a level 2 spell: Static Discharge
  5449 | D:4      | Found a runed translucent gate.
  5449 | D:4      | Found a runed translucent gate.
  5466 | D:4      | Noticed a black bear
  5484 | D:4      | Killed a black bear
  5485 | D:4      | Reached skill level 4 in Dodging
  5485 | D:4      | Reached XP level 6. HP: 10/47 MP: 0/0
  6276 | D:4      | Reached XP level 7. HP: 18/52 MP: 0/0
  6276 | D:4      | Learned a level 2 spell: Scorch
  6675 | D:4      | Found a runed translucent gate.
  6676 | D:4      | Noticed onwiheg's ghost (amateur FoFi)
  6676 | D:4      | Noticed flestrin's ghost (amateur DrTm)
  7198 | D:5      | Entered Level 5 of the Dungeon
  7542 | D:5      | Reached skill level 5 in Dodging
  8097 | D:5      | Noticed Prince Ribbit
  8107 | D:5      | Killed Prince Ribbit
  8108 | D:5      | Reached skill level 5 in Fighting
  8108 | D:5      | Reached XP level 8. HP: 13/59 MP: 0/0
  9148 | D:6      | Reached skill level 6 in Dodging
  9148 | D:6      | Reached skill level 1 in Evocations
  9238 | D:6      | Reached skill level 5 in Armour
  9416 | D:6      | Noticed Dowan
  9417 | D:6      | Noticed Duvessa
  9434 | D:6      | HP: 2/61 [Duvessa/+0 short sword (4)]
  9436 | D:6      | Slain by Duvessa

Illustrated notes

Levels and vault maps discovered:
D:1:      ldierk_walled_garden_2, layout_basic
D:2:      minmay_angry_zag, layout_basic, ebering_ecumenical_altar_mist,
          chequers_serial_rivers_micro_b, minivault_27, st_stairs_6
D:3:      layout_loops_corners, wad_rectangle_vault
D:4:      layout_loops_ring, old_standard_altar, serial_bayou,
          serial_bayou_ford_a, serial_bayou_pond_d, serial_bayou_shore_b,
          serial_bayou_lagoon_a, gammafunk_ghost_cemetery
D:5:      layout_basic, serial_bayou_pond_e, uniq_prince_ribbit1
D:6:      layout_basic, nicolae_uskayaw_en_pointe,
          minmay_temple_entry_overgrown, uniq_duvessa, uniq_edmund, uniq_maggie

Skill      XL: |  1  2  3  4  5  6  7  8 |
---------------+-------------------------+-----
Fighting       | 1 2 3 4 5 |  5.9
Armour         | 1 2 3 4 5 |  5.0
Dodging        | 3 4 5 6 |  6.1
Evocations     | 1 |  1.4
Stealth        | |  1.5
Spellcasting   | |  3.2

Action                   |  1- 3 |  4- 6 |  7- 9 || total
-------------------------+-------+-------+-------++-------
Melee: Unarmed           |     2 |       |       ||     2
       Flail             |       |       |     1 ||     1
 Cast: Magic Dart        |    65 |   108 |    92 ||   265
       Searing Ray       |     6 |    14 |    12 ||    32
       Static Discharge  |       |     1 |       ||     1
  Use: Scroll            |       |     4 |     8 ||    12
       Potion            |       |       |     1 ||     1
Armor: Robe              |     7 |     8 |     1 ||    16
       Leather armour    |       |       |     2 ||     2
Dodge: Dodged            |    24 |    16 |    14 ||    54

Table legend: (Time is in decaauts)
 A = Elapsed time spent in this place.
 B = Non-inter-level travel time spent in this place.
 C = Inter-level travel time spent in this place.
 D = Time resting spent in this place.
 E = Time spent auto-exploring this place.
 F = Levels seen in this place.
 G = Mean time per level.
                   A        B        C        D        E       F      G
               +--------+--------+--------+--------+--------+-----+--------+
         Total |   9436 |   9295 |    141 |   3694 |   4878 |   6 | 1572.7 |
       Dungeon |   9436 |   9295 |    141 |   3694 |   4878 |   6 | 1572.7 |
               +--------+--------+--------+--------+--------+-----+--------+

Top non-repeatable levels by time:
     D:1: 2204 daAuts
     D:4: 1857 daAuts
     D:5: 1764 daAuts
     D:2: 1704 daAuts
     D:3: 1432 daAuts
     D:6: 473 daAuts
